 Dungeon Crawl Stone Soup version 0.29-a0-775-g4d7333d4e2 (webtiles) character file.

Game seed: 10700169012726977930

2045 kevlar127 the Ruffian (level 9, -8/138 HPs)
             Began as a Troll Berserker on July 1, 2022.
             Was an Elder of Trog.
             Mangled by a hornet (11 damage)
             ... on level 7 of the Dungeon.
             The game lasted 00:19:01 (7131 turns).

kevlar127 the Ruffian (Troll Berserker)             Turns: 7131, Time: 00:19:01

Health: -8/138     AC:  4    Str: 31    XL:     9   Next: 4%
Magic:  8/8        EV: 11    Int:  3    God:    Trog [****..]
Gold:   449        SH:  0    Dex: 15    Spells: 8/8 levels left

rFire   . . .      SeeInvis .     - Unarmed
rCold   . . .      Faith    .   (no shield)
rNeg    . . .      Spirit   .   a - +0 animal skin
rPois   .          Reflect  .   (helmet restricted)
rElec   .          Harm     .   r - scarf {repulsion}
rCorr   .          Rampage  .   (gloves unavailable)
Will    ++...                   (boots unavailable)
Stlth   ..........              (no amulet)
HPRegen 2.13/turn               E - +6 ring of dexterity
MPRegen 0.11/turn               (no ring)

@: berserking, lethally poisoned (-8 -> -9), strong-willed, regenerating,
slowed, repel missiles
A: large, unfitting armour, claws 3, regeneration 1, shaggy fur 1, tough skin 1
a: Renounce Religion, Berserk, Trog's Hand, Brothers in Arms


You were on level 7 of the Dungeon.
You worshipped Trog.
Trog was greatly pleased with you.
You visited 1 branch of the dungeon, and saw 8 of its levels.
You also visited: Ossuary.

You collected 449 gold pieces.

Inventory:

Missiles
 k - 29 poisoned darts (quivered)
 l - 7 boomerangs
 p - 73 stones
 q - 3 atropa-tipped darts
 s - 3 javelins
 H - 5 curare-tipped darts
Armour
 a - a +0 animal skin (worn)
 r - a scarf of repulsion (worn)
 L - a scarf of resistance
Jewellery
 E - a +6 ring of dexterity (left claw)
Scrolls
 e - 2 scrolls of enchant armour {unknown}
 f - 3 scrolls of noise {unknown}
 g - a scroll of summoning {unknown}
 i - 3 scrolls of magic mapping {unknown}
 j - 4 scrolls of identify {unknown}
 n - 3 scrolls of fog {unknown}
 o - 7 scrolls of teleportation {unknown}
 t - 4 scrolls of vulnerability {unknown}
 u - 3 scrolls of enchant weapon {unknown}
 w - 2 scrolls of blinking {unknown}
 x - 2 scrolls of fear {unknown}
 y - a scroll of immolation {unknown}
 A - a scroll of silence {unknown}
 C - a scroll of poison {unknown}
 F - a scroll of brand weapon {unknown}
 G - a scroll of amnesia {unknown}
Potions
 b - 2 potions of might {unknown}
 c - 3 potions of brilliance {unknown}
 d - 3 potions of lignification {unknown}
 h - 2 potions of magic {unknown}
 m - 6 potions of berserk rage {unknown}
 v - 3 potions of flight {unknown}
 z - 3 potions of curing {unknown}
 B - a potion of mutation {unknown}
 D - a potion of heal wounds {unknown}
 I - a potion of attraction {unknown}
 J - a potion of invisibility {unknown}
 K - a potion of haste {unknown}


   Skills:
 * Level 6.5 Fighting
 + Level 4.4 Throwing
 - Level 3.4 Dodging
 * Level 7.9 Unarmed Combat


You had 8 spell levels left.
You didn't know any spells.
Your spell library was empty.

Dungeon Overview and Level Annotations

Branches:
Dungeon (8/15)             Temple (0/1) D:5         Ossuary (visited)
   Lair: D:8-11

Altars:
Cheibriados
Elyvilon
Makhleb
Zin
The Shining One


Innate Abilities, Weirdness & Mutations

You are too large for most types of armour.
You have claws for hands.
Your natural rate of healing is unusually fast.
You are covered in fur. (AC +1)
You have tough skin. (AC +1)


Message History

You feel as though you will be slow longer.
The bouda closely misses you. The hornet stings you.
You feel as though you will be slow longer.
The bouda closely misses you.
Your skin crawls.
You feel strong-willed. The hornet stings you!
You are poisoned.
You feel as though you will be slow longer.
The hornet stings you!
You suddenly lose the ability to move!
The bouda completely misses you.
You feel sick. The hornet stings you.
You are more poisoned.
You feel as though you will be slow longer.
The bouda completely misses you. The hornet stings you!
You feel as though you will be slow longer.
You feel very sick. The hornet stings you.
* * * LOW HITPOINT WARNING * * *
You are more poisoned.
You feel as though you will be slow longer.
The bouda hits you with a +0 club.
* * * LOW HITPOINT WARNING * * *
You can move again.
Your attacks no longer feel as feeble.
* * * LOW HITPOINT WARNING * * *
You feel extremely sick. The hornet closely misses you.
The bouda barely misses you. The hornet misses you.
The bouda hits you with a +0 club.
* * * LOW HITPOINT WARNING * * *
You climb upwards.
* * * LOW HITPOINT WARNING * * *
You feel extremely sick.
There is a stone staircase leading down here.
You can't go up here!
A red film seems to cover your vision as you go berserk!
You feel yourself moving faster!
You feel mighty!
You feel very sick. The hornet stings you!
You die...

#####...........##
#...............+.
#.###...........#.
#.# #############.
#.# #. #.#########
#. #.........# #.
#gy.......#######.
#@........[[))[...
##........###)####
#........# #.#
#####........# #.#
#............# #.#
#..........### #.#
#..........# #.#
#..........# #.#
#..........#
#.####


You could see a hornet and a bouda.

Vanquished Creatures
  A steam dragon (D:7)
  Menkaure (Ossuary)
  2 water moccasins
  An ice beast (D:6)
  2 black bears
  A centaur (D:6)
  A phantom (D:5)
  Blork the orc (D:5)
  A bullfrog (D:6)
  2 kobold brigands
  A gnoll sergeant (D:6)
  A necrophage (D:3)
  2 hounds (D:5)
  2 jellies (D:6)
  An orc priest (D:5)
  4 iguanas (D:6)
  7 orc wizards
  3 mummies (Ossuary)
  9 gnolls
  7 adders
  A white imp (D:6)
  2 ufetubi
  A worm (D:3)
  A dart slug (D:3)
  19 orcs
  5 endoplasms
  3 giant cockroaches (D:4)
  4 goblins
  4 hobgoblins
  16 kobolds
  3 quokkas (D:4)
  4 ball pythons
  A bat (D:1)
  A frilled lizard (D:1)
  5 gnoll skeletons (Ossuary)
  7 gnoll zombies (Ossuary)
  6 goblin skeletons (Ossuary)
  6 goblin zombies (Ossuary)
  5 hobgoblin skeletons (Ossuary)
  6 hobgoblin zombies (Ossuary)
  2 kobold skeletons (Ossuary)
  A kobold zombie (Ossuary)
  4 orc skeletons (Ossuary)
  2 orc zombies (Ossuary)
  5 rats
  3 rat skeletons (Ossuary)
  3 rat zombies (Ossuary)
170 creatures vanquished.

Vanquished Creatures (others)
  An orc wizard (D:7)
  An orc (D:7)
2 creatures vanquished.

Grand Total: 172 creatures vanquished

Notes
Turn   | Place    | Note
-------+----------+-------------------------------------------
     0 | D:1      | kevlar127 the Troll Berserker began the quest for the Orb.
     0 | D:1      | Reached XP level 1. HP: 22/22 MP: 0/0
   493 | D:1      | Reached XP level 2. HP: 29/29 MP: 1/1
   983 | D:2      | Found a faded altar of an unknown god.
  1340 | D:3      | Found a burning altar of Makhleb.
  1359 | D:3      | Reached XP level 3. HP: 36/36 MP: 2/2
  1761 | D:3      | Noticed a necrophage
  1779 | D:3      | Killed a necrophage
  1780 | D:3      | Reached skill level 4 in Unarmed Combat
  1780 | D:3      | Reached XP level 4. HP: 32/45 MP: 3/3
  2069 | D:3      | Reached XP level 5. HP: 52/53 MP: 4/4
  2738 | D:4      | Reached skill level 1 in Throwing
  2747 | D:4      | Noticed a black bear
  2754 | D:4      | Killed a black bear
  2754 | D:4      | Reached ** piety under Trog
  2755 | D:4      | Reached XP level 6. HP: 56/62 MP: 5/5
  2803 | D:4      | Found a snail-covered altar of Cheibriados.
  3018 | D:4      | Found a sand-covered staircase.
  3024 | Ossuary  | Entered an ossuary
  3275 | Ossuary  | Reached *** piety under Trog
  3319 | Ossuary  | Noticed Menkaure
  3331 | Ossuary  | Killed Menkaure
  3332 | Ossuary  | Reached skill level 5 in Unarmed Combat
  3646 | D:5      | Entered Level 5 of the Dungeon
  3688 | D:5      | Noticed Blork the orc
  3692 | D:5      | Reached XP level 7. HP: 71/71 MP: 6/6
  3699 | D:5      | Killed Blork the orc
  4019 | D:5      | Found a glowing silver altar of Zin.
  4019 | D:5      | Found a white marble altar of Elyvilon.
  4020 | D:5      | Found a glowing golden altar of the Shining One.
  4109 | D:5      | Found a staircase to the Ecumenical Temple.
  4322 | D:5      | Reached skill level 6 in Unarmed Combat
  4562 | D:6      | Reached skill level 5 in Fighting
  4816 | D:6      | Reached XP level 8. HP: 78/80 MP: 7/7
  5916 | D:6      | Reached skill level 7 in Unarmed Combat
  6481 | D:7      | Reached **** piety under Trog
  6648 | D:7      | HP: 5/126 [steam dragon (6)]
  6651 | D:7      | Reached XP level 9. HP: 8/92 MP: 8/8
  7126 | D:8      | Paralysed by a hornet for 3 turns
  7130 | D:7      | HP: 2/92 [poisoned by a hornet]
  7131 | D:7      | Mangled by a hornet

Illustrated notes

Levels and vault maps discovered:
D:1:      reono_arrival_forest_river, layout_basic
D:2:      layout_rooms, ebering_ecumenical_altar_sacrificial
D:3:      layout_basic, mainiacjoe_overflow_chevrons, minmay_distorted
D:4:      layout_rooms, kennysheep_little_box, nicolae_ossuary_entry_plus
D:5:      layout_cave_pools, good_gods_temple_1,
          minmay_temple_entry_enclosed_plants, uniq_blork_the_orc
D:6:      layout_basic, grunt_ministairs_3
D:7:      layout_basic
D:8:      layout_cave_pods

Skill      XL: |  1  2  3  4  5  6  7  8 |
---------------+-------------------------+-----
Fighting       | 3 4 5 6 |  6.5
Dodging        | 3 |  3.4
Unarmed Combat | 4 5 6 7 |  7.9
Throwing       | 1 2 3 4 |  4.4

Action                   |  1- 3 |  4- 6 |  7- 9 || total
-------------------------+-------+-------+-------++-------
Melee: Unarmed           |    75 |   192 |   187 ||   454
       Punch             |     1 |     5 |     6 ||    12
Invok: Berserk           |     1 |     1 |     3 ||     5
       Trog's Hand       |       |     1 |     4 ||     5
Armor: Animal skin       |    13 |    52 |    41 ||   106
Dodge: Dodged            |    51 |    81 |   123 ||   255

Table legend: (Time is in decaauts)
 A = Elapsed time spent in this place.
 B = Non-inter-level travel time spent in this place.
 C = Inter-level travel time spent in this place.
 D = Time resting spent in this place.
 E = Time spent auto-exploring this place.
 F = Levels seen in this place.
 G = Mean time per level.
                   A        B        C        D        E       F      G
               +--------+--------+--------+--------+--------+-----+--------+
         Total |   7148 |   6768 |    380 |   1728 |   3973 |   9 |  794.2 |
       Dungeon |   6591 |   6211 |    380 |   1554 |   3839 |   8 |  823.9 |
       Ossuary |    557 |    557 |      0 |    174 |    134 |   1 |  557.0 |
               +--------+--------+--------+--------+--------+-----+--------+

Top non-repeatable levels by time:
     D:6: 1606 daAuts
     D:3: 1164 daAuts
     D:5: 972 daAuts
     D:1: 962 daAuts
     D:7: 897 daAuts
 Ossuary: 557 daAuts
     D:4: 515 daAuts
     D:2: 457 daAuts
     D:8: 14 daAuts
